 Dungeon Crawl Stone Soup version 0.26-a0-190-g75a3d40d47 (console) character file.

Game seed: 3603398686390521853

42 bli the Skirmisher (level 3, 0/33 HPs)
             Began as a Merfolk Wanderer on July 4, 2020.
             Slain by a worker ant (7 damage)
             ... on level 2 of the Dungeon.
             The game lasted 00:03:09 (1449 turns).

bli the Skirmisher (Merfolk Wanderer)               Turns: 1449, Time: 00:03:10

Health: 0/33       AC:  2    Str: 12    XL:     3   Next: 56%
Magic:  3/3        EV: 12    Int: 13    God:
Gold:   74         SH:  0    Dex: 12    Spells: 2/2 levels left

rFire    . . .     SeeInvis .   a - +2 short sword
rCold    . . .     Faith    .   (no shield)
rNeg     . . .     Spirit   .   d - +0 robe
rPois    .         Reflect  .   (no helmet)
rElec    .         Harm     .   (no cloak)
rCorr    .                      (no gloves)
MR       .....                  (no boots)
Stlth    ++........             (no amulet)
HPRegen  0.11/turn              (no ring)
MPRegen  0.08/turn              (no ring)

@: lethally poisoned (0 -> -4)
A: change form in water, swift swim, stealthy swim
a: no special abilities


You were on level 2 of the Dungeon.
You were not hungry.

You visited 1 branch of the dungeon, and saw 2 of its levels.

You collected 74 gold pieces.

Inventory:

Hand Weapons
 a - a +2 short sword (weapon)
 e - a +0 dagger
 k - a +0 hunting sling
Missiles
 i - 11 arrows
 m - 42 stones (quivered)
 n - 16 sling bullets
Armour
 d - a +0 robe (worn)
 j - a +0 ring mail
Scrolls
 b - 3 scrolls of teleportation
 c - a scroll of fog {unknown}
 l - 2 scrolls of identify {unknown}
Potions
 g - a potion of invisibility {unknown}
Comestibles
 f - 3 rations
 h - a chunk of flesh


   Skills:
 + Level 5.0 Fighting
 + Level 2.1 Short Blades
   Level 1.0 Crossbows
 - Level 1.0 Armour
 * Level 2.3 Dodging
 + Level 2.4 Stealth


You had 2 spell levels left.
You didn't know any spells.
Your spell library was empty.

Dungeon Overview and Level Annotations

Branches:
Dungeon (2/15)

Altars:


Message History

The worker ant bites you.
You hit the worker ant but do no damage.
The worker ant barely misses you.
You hit the worker ant but do no damage.
The worker ant bites you.
You closely miss the worker ant. The worker ant bites you.
The worker ant bites you but does no damage.
You barely miss the worker ant. The worker ant closely misses you.
You barely miss the worker ant. The worker ant bites you.
You barely miss the worker ant. The worker ant bites you.
You are poisoned.
The worker ant poisons you!
You hit the worker ant but do no damage.
You feel sick. The worker ant bites you.
* * * LOW HITPOINT WARNING * * *
You barely miss the worker ant.
You feel sick. The worker ant barely misses you.
You hit the worker ant.
The worker ant is lightly wounded.
The worker ant misses you. The worker ant bites you!
You die...

..# #.# # #(# ..
#####(# #.#
.....###$...
#####..(.....#
.......a.....#
#####..@.....#
....
#......##...##
.....#.#......#
#.#
.......#......# #
#...<.#......#
#.....#......#
#.....#......##
#....รท........
#.#####.#......##.
..........###### .
##.#####.#.#


You could see a worker ant.

Vanquished Creatures
  2 adders (D:2)
  A dart slug (D:1)
  3 leopard geckos (D:2)
  3 bats
  3 giant cockroaches
  2 hobgoblins (D:1)
  A frilled lizard (D:2)
  2 goblins (D:1)
  2 kobolds (D:1)
  A rat (D:1)
20 creatures vanquished.

Notes
Turn   | Place    | Note
-------+----------+-------------------------------------------
     0 | D:1      | bli the Merfolk Wanderer began the quest for the Orb.
     0 | D:1      | bli set off with the following items: a +2 short sword, a
                  | scroll of teleportation, a potion of curing, a +0 robe, a
                  | +0 dagger, a ration
     0 | D:1      | Reached XP level 1. HP: 20/20 MP: 1/1
   419 | D:1      | Reached XP level 2. HP: 26/26 MP: 2/2
  1122 | D:2      | Reached XP level 3. HP: 5/32 MP: 3/3
  1304 | D:2      | Reached skill level 5 in Fighting
  1449 | D:2      | Slain by a worker ant

Illustrated notes

Levels and vault maps discovered:
D:1:      evilmike_arrival_hilbert_curve, layout_basic
D:2:      layout_basic, serial_glass, glass_columns_c, glass_columns_b,
          minmay_misc_feat_chi, minivault_24

Skill      XL: |  1  2  3 |
---------------+----------+-----
Dodging        | 2 |  2.3
Short Blades   | 2 |  2.1
Fighting       | 5 |  5.0
Crossbows      | |  1.0
Armour         | |  1.0
Stealth        | |  2.4

Action                   || total
-------------------------++-------
Melee: Short sword       ||    79
Throw: Stone             ||     5
  Use: Potion            ||     1
 Stab: Sleeping          ||     1
  Eat: Chunk             ||     2
Armor: Robe              ||    11
Dodge: Dodged            ||    42

Table legend:
 A = Non-vault XP
 B = Vault XP
 C = Vault XP percentage of total XP
 D = Non-vault monster count
 E = Vault monster count
 F = Vault count percentage of total count
                 A         B        C        D         E       F
            +---------+---------+-------+---------+---------+-------
      Total |      61 |       0 |   0.0 |      20 |       0 |   0.0
            +---------+---------+-------+---------+---------+-------
        D:1 |      20 |       0 |   0.0 |      11 |       0 |   0.0
        D:2 |      41 |       0 |   0.0 |       9 |       0 |   0.0
            +---------+---------+-------+---------+---------+-------
